 Dungeon Sprint DCSS version 0.19.4 (webtiles) character file.

7100000 Groucho the Axe Maniac (level 27, -14/273 HPs)
             Began as a Hill Orc Assassin on Jan 31, 2017.
             Was the Champion of Makhleb.
             Killed from afar by a large bag of meat (39 damage)
             ... with an exploding inner flame
             ... in the Dungeon (Sprint VIII: "Arena of Blood").
             The game lasted 00:02:25 (71 turns).

Groucho the Axe Maniac (Hill Orc Assassin)            Turns: 71, Time: 00:02:26

Health: -14/273    AC:  6    Str: 18    XL:     27
Magic:  30/54      EV: 35    Int: 11    God:    Makhleb [******]
Gold:   0          SH:  0    Dex: 21    Spells: 0 memorised, 80 levels left

rFire  . . .     SeeInvis .     n - +∞ Axe of Woe
rCold  . . .     Gourm    .     c - +0 robe
rNeg   . . .     Faith    .     (shield currently unavailable)
rPois  .         Spirit   .     (no helmet)
rElec  .         Reflect  .     d - +0 cloak
rCorr  .         Harm     .     (no gloves)
MR     ++...     NoTele   +     (no boots)
Stlth  +++++++++.               (no amulet)
                                (no ring)
                                (no ring)

@: slowed, very slow
A: no striking features
a: Minor Destruction, Lesser Servant of Makhleb, Major Destruction, Greater
Servant of Makhleb, Renounce Religion


You were in the Dungeon.
You worshipped Makhleb.
Makhleb was exalted by your worship.
You were not hungry.

You visited 1 branch

Inventory:

Hand Weapons
 a - a +2 dagger
 b - a +0 blowgun
 n - the +∞ Axe of Woe (weapon)
   (You found it in the Dungeon)
Missiles
 e - 8 poisoned needles
 f - 2 curare-tipped needles
Armour
 c - a +0 robe (worn)
 d - a +0 cloak (worn)
Scrolls
 m - a scroll of blinking
Potions
 h - a potion of curing
 i - a potion of heal wounds
 j - a potion of haste
 k - 2 potions of magic
 l - a potion of berserk rage
Comestibles
 g - a bread ration


   Skills:
 O Level 27 Fighting
 O Level 27 Short Blades
 O Level 27 Axes
 O Level 27 Throwing
 O Level 27 Armour
 O Level 27 Dodging
 O Level 27 Stealth
 O Level 27 Unarmed Combat
 O Level 27 Spellcasting
 O Level 27 Invocations


You had 80 spell levels left.
You didn't know any spells.

Dungeon Overview and Level Annotations

Branches:
Dungeon (1/1)

Altars:
Makhleb


Message History

You dissect the bag of meat like a pig carcass.
You kill the bag of meat!
Makhleb accepts your kill.
You are engulfed in roaring flames.
* * * LOW HITPOINT WARNING * * *
You hear a shout! x2
The large abomination is engulfed in roaring flames.
The tyrant mumbles some strange words.
You hear a shout! x3
The tyrant waves its bony arms in wide circles.
The air twists around and strikes you!
* * * LOW HITPOINT WARNING * * *
An orc and an ogre come into view.
The bag of meat shouts!
You slice the large bag of meat!!
You fatally mangle the large bag of meat.
The large bag of meat explodes!
The fiery explosion engulfs the large abomination. x2
The fiery explosion engulfs you!
You die... .. .o... #. ...# #.. zOW# . .###.. ooo###.. .....o###.C.... ....o%_XOO.. #XXoX§#

#_LOX@# #..X§§#
..%LX._XV§...o..
......###......o.
.###%. ...###...
#.. .%§# o. #.
....# .. .....
......


You could see a tentacled monstrosity, 2 tyrants, a destroyer, a sculptor of
flesh, a large bag of meat (inner flame), 7 large abominations, a dread, 4 meat
berserkers and 7 bags of meat.

Vanquished Creatures
  A greater mummy (D)
  A wraith (D)
  7 vampire knights (D)
  21 ogres (D)
  A lich (D)
  30 orcs (D)
  2 hill giants (D)
  3 skeletal warriors (D)
  5 large abominations (D)
  3 small abominations (D)
  A crawling corpse (D)
75 creatures vanquished.

Notes
Turn   | Place    | Note
-------+----------+-------------------------------------------
     0 | D        | Groucho the Hill Orc Assassin began the quest for the Orb.
     0 | D        | Reached XP level 1. HP: 18/18 MP: 1/1
     3 | D        | Noticed a bag of meat
     3 | D        | Noticed a bag of meat
     4 | D        | Noticed a bag of meat
     4 | D        | Became a worshipper of Makhleb the Destroyer
     5 | D        | Noticed a bag of meat
     6 | D        | Noticed a bag of meat
     9 | D        | Noticed a meat berserker
     9 | D        | Killed a bag of meat
     9 | D        | Reached XP level 2. HP: 25/25 MP: 2/2
     9 | D        | Reached XP level 3. HP: 30/30 MP: 3/3
     9 | D        | Reached XP level 4. HP: 37/37 MP: 4/4
     9 | D        | Reached XP level 5. HP: 42/42 MP: 5/5
     9 | D        | Reached XP level 6. HP: 50/50 MP: 6/6
     9 | D        | Reached XP level 7. HP: 56/56 MP: 7/7
     9 | D        | Reached XP level 8. HP: 62/62 MP: 8/8
     9 | D        | Reached XP level 9. HP: 68/68 MP: 9/9
     9 | D        | Reached XP level 10. HP: 74/74 MP: 10/10
     9 | D        | Reached XP level 11. HP: 80/80 MP: 11/11
     9 | D        | Reached XP level 12. HP: 88/88 MP: 12/12
    10 | D        | Killed a bag of meat
    10 | D        | Reached * piety under Makhleb
    10 | D        | Reached skill level 27 in Axes
    10 | D        | Reached XP level 13. HP: 93/93 MP: 13/13
    10 | D        | Noticed a bag of meat
    10 | D        | Noticed a bag of meat
    11 | D        | Killed a bag of meat
    11 | D        | Reached XP level 14. HP: 100/100 MP: 14/14
    12 | D        | Killed a meat berserker
    12 | D        | Reached XP level 15. HP: 105/105 MP: 15/15
    18 | D        | Reached ** piety under Makhleb
    18 | D        | Reached skill level 27 in Dodging
    18 | D        | Reached skill level 10 in Fighting
    18 | D        | Reached skill level 15 in Fighting
    18 | D        | Reached XP level 16. HP: 150/150 MP: 16/16
    19 | D        | Noticed a meat berserker
    19 | D        | Noticed a meat berserker
    19 | D        | Reached *** piety under Makhleb
    20 | D        | Killed a meat berserker
    20 | D        | Reached XP level 17. HP: 187/187 MP: 17/17
    20 | D        | Reached skill level 27 in Fighting
    21 | D        | Noticed a destroyer
    23 | D        | Noticed a meat berserker
    23 | D        | Noticed a meat berserker
    24 | D        | Noticed a meat berserker
    24 | D        | Killed a destroyer
    24 | D        | Reached **** piety under Makhleb
    24 | D        | Reached skill level 27 in Armour
    24 | D        | Reached XP level 18. HP: 200/200 MP: 18/18
    24 | D        | Killed a meat berserker
    25 | D        | Noticed a destroyer
    26 | D        | Noticed a destroyer
    26 | D        | Reached skill level 27 in Short Blades
    26 | D        | Reached XP level 19. HP: 207/207 MP: 19/19
    27 | D        | Killed a meat berserker
    28 | D        | Noticed a meat berserker
    28 | D        | Killed a meat berserker
    28 | D        | Reached ***** piety under Makhleb
    28 | D        | Reached skill level 27 in Unarmed Combat
    28 | D        | Reached XP level 20. HP: 216/216 MP: 20/20
    29 | D        | Killed a meat berserker
    31 | D        | Noticed a destroyer
    32 | D        | Noticed a destroyer
    32 | D        | Killed a destroyer
    32 | D        | Reached skill level 27 in Throwing
    32 | D        | Reached XP level 21. HP: 224/224 MP: 20/36
    34 | D        | Killed a meat berserker
    34 | D        | Killed a destroyer
    34 | D        | Reached XP level 22. HP: 233/233 MP: 20/51
    34 | D        | Reached ****** piety under Makhleb
    34 | D        | Reached skill level 27 in Spellcasting
    35 | D        | Killed a destroyer
    35 | D        | Reached skill level 27 in Invocations
    35 | D        | Reached XP level 23. HP: 240/240 MP: 20/54
    36 | D        | Noticed a destroyer
    37 | D        | Killed a destroyer
    37 | D        | Reached skill level 27 in Stealth
    37 | D        | Reached XP level 24. HP: 249/249 MP: 21/54
    43 | D        | Noticed a destroyer
    43 | D        | Reached XP level 25. HP: 257/257 MP: 22/54
    45 | D        | Killed a destroyer
    49 | D        | Reached XP level 26. HP: 266/266 MP: 24/54
    51 | D        | Killed a destroyer
    51 | D        | Reached XP level 27. HP: 273/273 MP: 24/54
    54 | D        | Noticed a tyrant
    55 | D        | Killed a tyrant
    57 | D        | Noticed an accursed
    58 | D        | Noticed a tyrant
    63 | D        | Noticed a dread
    64 | D        | Noticed a destroyer
    65 | D        | Noticed a dread
    67 | D        | Killed a dread
    70 | D        | Noticed a tyrant
    70 | D        | Killed an accursed
    71 | D        | Killed from afar by a large bag of meat

Skill      XL: |  1  2  3  4  5  6  7  8  9 10 11 12 13 14 15 16 17 18 19 20 21 22 23 |
---------------+----------------------------------------------------------------------+-----
Axes           | 23 27 | 27.0
Dodging        | 16 19 22 26 27 | 27.0
Fighting       | 15 25 27 | 27.0
Armour         | 14 23 27 | 27.0
Short Blades   | 20 27 | 27.0
Unarmed Combat | 12 27 | 27.0
Throwing       | 12 27 | 27.0
Spellcasting   | 11 25 27 | 27.0
Invocations    | 27 | 27.0
Stealth        | 14 27 | 27.0

Action                   |  1- 3 |  4- 6 |  7- 9 | 10-12 | 13-15 | 16-18 | 19-21 | 22-24 | 25-27 || total
-------------------------+-------+-------+-------+-------+-------+-------+-------+-------+-------++-------
Melee: Executioner's axe |     1 |       |       |     1 |     3 |     4 |     7 |     8 |    19 ||    43
Dodge: Dodged            |       |       |       |       |       |       |       |       |     1 ||     1
